 Dungeon Sprint DCSS version 0.19.1 (webtiles) character file.

235 KingBobo974 the Infuser (level 5, -6/37 HPs)
             Began as a High Elf Skald on Dec 17, 2016.
             Was a Priest of Okawaru.
             Incinerated by a mottled draconian (7 damage)
             ... with a splash of liquid fire
             ... in the Dungeon (Sprint V: "Ziggurat Sprint").
             The game lasted 00:05:37 (463 turns).

KingBobo974 the Infuser (High Elf Skald)             Turns: 463, Time: 00:05:37

Health: -6/37      AC: 20    Str: 17    XL:     5   Next: 76%
Magic:  13/14      EV:  1    Int: 22    God:    Okawaru [***...]
Gold:   0          SH:  0    Dex: 15    Spells: 4 memorised, 8 levels left

rFire  . . .     SeeInvis .     L - +9 sword of Zonguldrok {reap}
rCold  . . .     Gourm    .     k - +5 crystal plate armour
rNeg   . . .     Faith    .     (no shield)
rPois  .         Spirit   .     (no helmet)
rElec  .         Reflect  .     (no cloak)
rCorr  .         Harm     .     (no gloves)
MR     .....     NoTele   +     (no boots)
Stlth  ..........               (no amulet)
                                H - +6 ring of intelligence
                                I - +6 ring of strength

@: liquid flames, very slightly contaminated, glowing
A: no striking features
a: Heroism, Renounce Religion


You were in the Dungeon.
You worshipped Okawaru.
Okawaru was most pleased with you.
You were not hungry.

You visited 1 branch

Inventory:

Hand Weapons
 a - a +0 falchion
 L - the +9 sword of Zonguldrok (weapon) {reap}
   (You found it in the Dungeon)

   If a monster killed with it leaves a corpse in good enough shape, the corpse
   will be animated as a zombie friendly to the killer.
Armour
 b - a +0 leather armour
 k - a +5 crystal plate armour (worn)
Jewellery
 E - a +6 ring of dexterity
 F - a +6 ring of dexterity
 G - a +6 ring of intelligence
 H - a +6 ring of intelligence (right hand)
 I - a +6 ring of strength (left hand)
 J - a +6 ring of strength
 K - an uncursed ring of flight
Wands
 y - a wand of disintegration (7/24)
 B - a wand of iceblast (5/15)
 C - a wand of lightning (5/15)
 D - a wand of acid (5/15)
Scrolls
 j - 4 scrolls of blinking
 r - 4 scrolls of amnesia
 s - 3 scrolls of recharging
 t - 7 scrolls of fog
 u - a scroll of holy word
 v - 5 scrolls of identify
 w - 5 scrolls of remove curse
 x - a scroll of fear
Potions
 e - 10 potions of curing
 f - 10 potions of heal wounds
 g - 6 potions of haste
 h - 7 potions of magic
 i - 3 potions of berserk rage
 l - 2 potions of brilliance
 m - 2 potions of invisibility
 n - 4 potions of resistance
 o - a potion of experience
 p - 5 potions of agility
 q - 5 potions of might
Books
 c - a book of Battle

   Spells                             Type                      Level
   a - Infusion                       Charms                       1
   b - Shroud of Golubria             Charms/Translocation         2
   c - Song of Slaying                Charms                       2
   d - Spectral Weapon                Hexes/Charms                 3
   e - Regeneration                   Charms/Necromancy            3
Comestibles
 d - 5 bread rations
 z - 42 fruits
 A - 4 meat rations


   Skills:
 - Level 4.3 Fighting
 * Level 6.4 Long Blades
 + Level 2.1 Armour
 + Level 2.2 Dodging
 * Level 6.3 Spellcasting
 * Level 10.2 Charms


You had 8 spell levels left.
You knew the following spells:

 Your Spells              Type           Power        Failure   Level  Hunger
a - Infusion              Chrm           ####         89%         1    None
b - Shroud of Golubria    Chrm/Tloc      ####......   100%        2    None
c - Song of Slaying       Chrm           ######..     98%         2    None
d - Spectral Weapon       Hex/Chrm       ####....     100%        3    #......


Dungeon Overview and Level Annotations

Branches:
Dungeon (1/1)

Altars:
Ashenzari
Cheibriados
Dithmenos
Elyvilon
Fedhas
Gozag
Hepliaklqana
Kikubaaqudgha
Makhleb
Nemelex Xobeh
Okawaru
Qazlal
Ru
Sif Muna
Trog
Uskayaw
Vehumet
Xom
Yredelemnul
Zin
The Shining One
Beogh
Jiyva
Lugonu


Message History

The splash of liquid fire hits you!
You are covered in liquid flames!
Casting: Shroud of Golubria
Confirm with . or Enter, or press ? or * to list all spells.
You miscast Infusion.
You are very lightly contaminated with residual magic.
Strange energies run through your body.
You are covered in liquid flames!
The draconian hits you but does no damage. x2
The mottled draconian hits you with a scimitar!
* * * LOW HITPOINT WARNING * * *
The draconian hits you but does no damage.
Unknown command.
You are too injured to fight recklessly!
Unknown command.
As you read the scroll of fear, it crumbles to dust.
You assume a fearsome visage.
The draconian looks frightened! x3
The mottled draconian looks frightened!
You are covered in liquid flames!
You die...

▓▓▓▓▓▓▓▓▓▓▓▓▓▓▓▓▓▓▓
▓.8©8.▓.8©8.▓.8©8.▓
▓.).=.▓.=.[.▓.....▓
▓.....▓.....▓.|.).▓
▓.ddd.▓.....▓..)..▓
▓..@d.▓.....▓.....▓
▓.....▓.....▓.....▓
▓.....▓..)..▓▓▓▓▓▓▓
▓▓▓▓▓▓▓▓▓▓▓▓▓


You could see a mottled draconian (fleeing) and 3 draconians.

Vanquished Creatures
  Sigmund (D)
  A crimson imp (D)
  Jessica (D)
  2 shadow imps (D)
5 creatures vanquished.

Notes
Turn   | Place    | Note
-------+----------+-------------------------------------------
     0 | D        | KingBobo974 the High Elf Skald began the quest for the Orb.
     0 | D        | Reached XP level 1. HP: 14/14 MP: 4/4
     0 | D        | Found a blossoming altar of Fedhas.
    18 | D        | Found a deep blue altar of Sif Muna.
    18 | D        | Found a sacrificial altar of Ru.
    18 | D        | Found a bloodstained altar of Trog.
    18 | D        | Found a stormy altar of Qazlal.
    18 | D        | Found an iron altar of Okawaru.
    18 | D        | Found a sparkling altar of Nemelex Xobeh.
    20 | D        | Found an ancient bone altar of Kikubaaqudgha.
    20 | D        | Found a viscous altar of Jiyva.
    20 | D        | Found a corrupted altar of Lugonu.
    20 | D        | Found a hazy altar of Hepliaklqana.
    20 | D        | Found a burning altar of Makhleb.
    20 | D        | Found an opulent altar of Gozag.
    84 | D        | Became a worshipper of Warmaster Okawaru
    94 | D        | Entered arena 1.
    94 | D        | Noticed Sigmund
    94 | D        | Noticed Jessica
    99 | D        | Killed Sigmund
    99 | D        | Reached * piety under Okawaru
    99 | D        | Reached ** piety under Okawaru
    99 | D        | Reached *** piety under Okawaru
    99 | D        | Reached skill level 5 in Long Blades
    99 | D        | Reached skill level 1 in Armour
    99 | D        | Reached skill level 5 in Spellcasting
    99 | D        | Reached skill level 9 in Charms
    99 | D        | Reached XP level 2. HP: 12/22 MP: 3/9
    99 | D        | Reached XP level 3. HP: 15/27 MP: 3/11
    99 | D        | Reached XP level 4. HP: 18/33 MP: 3/12
    99 | D        | Reached XP level 5. HP: 20/37 MP: 3/14
   107 | D        | Killed Jessica
   427 | D        | Learned a level 2 spell: Shroud of Golubria
   430 | D        | Learned a level 2 spell: Song of Slaying
   434 | D        | Learned a level 3 spell: Spectral Weapon
   435 | D        | Entered arena 2.
   441 | D        | Reached skill level 10 in Charms
   456 | D        | Entered arena 3.
   456 | D        | Noticed a draconian
   456 | D        | Noticed a draconian
   456 | D        | Noticed a draconian
   456 | D        | Noticed a mottled draconian
   462 | D        | HP: 1/37 [mottled draconian/scimitar (12)]
   463 | D        | Incinerated by a mottled draconian

Skill      XL: |  1  2  3  4  5 |
---------------+----------------+-----
Fighting       | 4 |  4.3
Long Blades    | 5 6 |  6.4
Armour         | 1 2 |  2.1
Spellcasting   | 5 6 |  6.3
Charms         | 9 10 | 10.2
Dodging        | 2 |  2.2

Action                   |  1- 3 |  4- 6 || total
-------------------------+-------+-------++-------
Melee: Double sword      |     3 |    16 ||    19
  Use: Scroll            |       |     1 ||     1
Armor: Crystal plate arm |     3 |    26 ||    29
Dodge: Dodged            |       |     4 ||     4
       Rpst.: Double sword |       |     1 ||     1
